[Event "*** SCC Grand Prix: Titled Tuesday Blitz"]
[Site "Chess.com"]
[Date "2020.08.25"]
[Round "4"]
[White "davigator"]
[Black "Iskusnyh"]
[Result "0-1"]
[WhiteElo "2318"]
[BlackElo "2561"]
[TimeControl "180+1"]
[EndTime "10:42:00 PDT"]
[Termination "Iskusnyh won on time"]

1. e4 e6 2. d4 d5 3. Nc3 Nf6 4. e5 Nfd7 5. f4 c5 6. Nf3 Nc6 7. Be3 Rb8 8. Qd2 Qa5 9. Nb5 Qxd2+ 10. Kxd2 a6 11. Nd6+ Bxd6 12. exd6 cxd4 13. Nxd4 Nf6 14.
Bd3 Kd7 15. Nb3 Kxd6 16. c3 Kc7 17. Rhg1 Rd8 18. g4 b6 19. g5 Ne4+ 20. Ke2 Bb7 21.
Nd4 Nc5 22. Bc2 Rbc8 23. h4 g6 24. h5 Ne7 25. Rh1 Nf5 26. Nxf5 exf5 27. Bd4 Bc6 28. hxg6 hxg6 29. Rh7 Rd7 30. Be5+ Kb7 31. Ke3 Ne4 32.
Rd1 Re8 33. Bxe4 fxe4 34. Kd4 a5 35. Rdh1 Ka6 36. Rg7 Ree7 37. Rh8 Rb7 38. Rc8 Bd7 39. Rf8 Be6 40. Rd8 Red7 41. Rf8 a4 42. b3 axb3 43. axb3 Ra7 44. Rb8 Kb5 45. Rh7 Ra3 46. b4 Ra1 47.
Ke3 Rd1 48. Ke2 Rd3 49. Rhh8 Ra7 50. Ra8 Rxa8 51. Rxa8 Bg4+ 52. Kf2 e3+ 53. Kg3 e2+ 54. Kf2 Rd1 55. c4+ dxc4 56. Ra1 Rxa1 57. Bxa1 Kxb4 58. Ke1 c3 59. f5 Kb3 0-1

[Event "*** SCC Grand Prix: Titled Tuesday Blitz"]
[Site "Chess.com"]
[Date "2020.08.25"]
[Round "4"]
[White "katchesskat"]
[Black "Sesleria"]
[Result "1-0"]
[WhiteElo "2256"]
[BlackElo "2057"]
[TimeControl "180+1"]
[EndTime "10:42:01 PDT"]
[Termination "katchesskat won on time"]

1. c4 c5 2. e3 e6 3. Nf3 Nf6 4. a3 d5 5. Qc2 Nc6 6. h4 d4 7. b3 e5 8. e4 Bg4 9. Be2 d3 10. Qxd3 Qxd3 11. Bxd3 Bxf3 12. gxf3 Nd4 13. Bb2 Nxb3 14.
Ra2 Bd6 15. Bc2 Nd4 16. Bxd4 cxd4 17. Ba4+ Ke7 18. d3 Nh5 19. Rg1 g6 20. Nd2 Nf4 21. Bc2 h5 22. Nb3 b6 23. Kd2 Rhc8 24. Nc1 Ke6 25.
Ne2 Nh3 26. Rg3 Nf4 27. Nxf4+ exf4 28. Rg1 Rc5 29. Ba4 Be7 30. Rh1 a6 31. Rb2 Rb8 32. Rhb1 Bd8 33. Ke2 Ke7 34. Bc2 b5 35. Ba4 Kd6 36.
cxb5 axb5 37. Rxb5 Rbxb5 38. Rxb5 Rxb5 39. Bxb5 Bxh4 40. a4 Bd8 41. Bc4 Ke7 42. Kf1 Kf6 43. Kg2 Kg7 44. Kh3 f6 45. Kh4 Ba5 46. Kh3 Kh6 47. Bf7 g5 48. Be8 Be1 49. Kg2 g4 50. Bd7 Kg5 51. Bf5 Ba5 52. Be6 gxf3+ 53. Kxf3 Bc7 54. Bf5 Kh6 55.
Bh3 Kg7 56. a5 Kh6 57. a6 Bb6 58. Kxf4 Kg7 59. f3 Kf7 60. Kf5 Ba7 61. Bf1 Bb6 62. Be2 h4 63. Bf1 1-0

[Event "*** SCC Grand Prix: Titled Tuesday Blitz"]
[Site "Chess.com"]
[Date "2020.08.25"]
[Round "4"]
[White "joppie2"]
[Black "regular_legs"]
[Result "0-1"]
[WhiteElo "2856"]
[BlackElo "2538"]
[TimeControl "180+1"]
[EndTime "10:42:02 PDT"]
[Termination "regular_legs won on time"]

1. d4 Nf6 2. Nf3 g6 3. e3 Bg7 4. Nbd2 O-O 5. Bd3 d6 6. a4 Nbd7 7. a5 e5 8. a6 Re8 9. dxe5 dxe5 10. e4 b6 11. O-O Nc5 12. Qe2 Nxd3 13. Nb1 Nxc1 14. Rxc1 Bg4 15. Nc3 c6 16. h3 Bxf3 17.
Qxf3 Qc7 18. b4 Rad8 19. b5 c5 20. Nd1 Rd4 21. Ne3 Qe7 22. c3 Rd2 23. Nc4 Rd7 24.
Rd1 Red8 25. g3 Ne8 26. Ne3 Nc7 27. c4 Rd4 28. Nc2 Rxc4 29. Rxd8+ Qxd8 30. Rd1 Rd4 31. Nxd4 exd4 32. e5 Nxb5 33. Qb7 Bxe5 34. Qc6 Nd6 35. Re1 Bf6 36. Rb1 Kg7 37. Rxb6 Be7 38. Rb1 c4 39. Qc5 d3 40. Qxa7 Bf6 41. Qe3 Nc8 42. Rd1 Qd7 43. g4 h6 44. h4 Na7 45. g5 hxg5 46. hxg5 Qg4+ 47. Kh2 Qh4+ 48. Kg2 Qg4+ 49. Kh2 Qh4+ 50. Kg2 Bxg5 51. Qf3 Qd4 52. Rb1 d2 53. Rb7 Bf6 54. Qd1 c3 55. Qb3 d1=Q 56. Qxf7+ Kh6 57. Qh7+ Kg5 58.
f4+ Qxf4 0-1

[Event "*** SCC Grand Prix: Titled Tuesday Blitz"]
[Site "Chess.com"]
[Date "2020.08.25"]
[Round "4"]
[White "djano"]
[Black "26andrej26"]
[Result "1-0"]
[WhiteElo "2465"]
[BlackElo "2606"]
[TimeControl "180+1"]
[EndTime "10:42:04 PDT"]
[Termination "djano won by checkmate"]

1. c4 Nf6 2. g3 g6 3. Bg2 d6 4. e4 Bg7 5. Ne2 O-O 6. O-O c5 7.
d3 Nc6 8. Nbc3 Bg4 9. h3 Bd7 10. g4 Ne8 11. f4 Nc7 12. f5 Rb8 13.
Bg5 b5 14. b3 Nd4 15. Kh1 b4 16. Nxd4 Bxd4 17. Ne2 Bg7 18. d4 cxd4 19. Nxd4 Ne8 20. Qd2 Nf6 21. Rae1 Qb6 22. Be3 Qa5 23. Rf2 Rbd8 24.
a4 Qe5 25. Bf4 Qc5 26. Be3 Qe5 27. Bf4 Qc5 28. Nc2 a5 29. Be3 Qc7 30. Bd4 Bc6 31.
Rfe2 Qb7 32. Ba1 e6 33. fxe6 fxe6 34. Nd4 Nd7 35. Nxe6 Bxa1 36. Nxd8 Bc3 37. Nxb7 Bxd2 38. Rxd2 Bxb7 39. Rxd6 Nc5 40. Re3 Rf2 41. Rb6 Rb2 42.
Bf3 Kf8 43. e5 Bxf3+ 44. Rxf3+ Ke7 45. Rff6 Ne4 46. Rb7+ Ke8 47. Ra6 Rb1+ 48. Kg2 Rb2+ 49. Kf3 Ng5+ 50. Ke3 Nf7 51. Ra8+ Nd8 52. Rbb8 Rxb3+ 53. Kd4 Ke7 54. Rxd8 Rb1 55. Kc5 Re1 56. Rd5 b3 57.
Rb8 Re3 58. Rb7+ Ke8 59. Kd6 Rf3 60. Rc5 Kd8 61. e6 Rd3+ 62. Ke5 Ke8 63. Rcc7 Rd8 64. Rxh7 Rd6 65. Rh8# 1-0

[Event "*** SCC Grand Prix: Titled Tuesday Blitz"]
[Site "Chess.com"]
[Date "2020.08.25"]
[Round "4"]
[White "secretsuperstar7"]
[Black "Matveev_Vladimir"]
[Result "1/2-1/2"]
[WhiteElo "2193"]
[BlackElo "2539"]
[TimeControl "180+1"]
[EndTime "10:42:04 PDT"]
[Termination "Game drawn by stalemate"]

1. d4 Nf6 2. c4 g6 3. Nc3 Bg7 4. e4 O-O 5. Nf3 d6 6. Be2 e5 7. d5 a5 8. h3 Na6 9. Bg5 Qe8 10. Qd2 Nc5 11. Qc2 Nh5 12. Nb5 Na6 13. g3 Bd7 14. Nd2 f5 15. Bxh5 gxh5 16. Nc3 Qg6 17. Be7 Rf7 18. Bh4 Nb4 19. Qb1 Raf8 20. a3 Na6 21. f3 Bh6 22. Qc2 a4 23. O-O-O Nc5 24.
Kb1 Kh8 25. Nb5 Bxb5 26. cxb5 Bxd2 27. Rxd2 fxe4 28. f4 e3 29. Re2 exf4 30. gxf4 Rxf4 31. Qxg6 hxg6 32. Bg5 Rf1+ 33. Rxf1 Rxf1+ 34. Kc2 Rf2 35. Kd1 Nd3 36. Bxe3 Rxe2 37. Kxe2 Nxb2 38. Bd4+ Kh7 39. Bxb2 g5 40. Kf3 Kg6 41. Bd4 Kf5 42. Bc3 b6 43.
Bd4 g4+ 44. hxg4+ hxg4+ 45. Kg3 Ke4 46. Bf6 Kxd5 47. Bd8 Kc5 48. Bxc7 d5 49. Kxg4 Kxb5 50. Kf4 Kc6 51. Be5 Kc5 52. Ke3 Kc4 53. Bd6 b5 54. Bb4 d4+ 55. Kd2 Kd5 56. Kd3 Kc6 57. Ke4 Kb7 58.
Kxd4 Ka8 59. Kd5 Kb7 60. Kc5 Ka8 61. Kxb5 Kb7 62. Kxa4 Ka8 63. Kb3 Kb7 64. Bc5 Ka8 65. Kc4 Kb7 66. a4 Ka8 67. Kb5 Kb7 68. a5 Ka8 69. Kb6 Kb8 70. a6 Ka8 71. Bb4 Kb8 72. Bd6+ Ka8 73. Bc5 Kb8 74. Kc6 Ka8 75. Bb4 Kb8 76.
Ba5 Ka8 77. Bb6 Kb8 78. a7+ Ka8 79. Kb5 Kb7 80. Bc5 Ka8 81. Ka6 1/2-1/2

[Event "*** SCC Grand Prix: Titled Tuesday Blitz"]
[Site "Chess.com"]
[Date "2020.08.25"]
[Round "4"]
[White "Zkid"]
[Black "Siniauski"]
[Result "1-0"]
[WhiteElo "2829"]
[BlackElo "2507"]
[TimeControl "180+1"]
[EndTime "10:42:05 PDT"]
[Termination "Zkid won by checkmate"]

1. e4 e6 2. d4 d5 3. Nc3 Nf6 4. e5 Nfd7 5. f4 c5 6. Nf3 Nc6 7. Be3 a6 8. Qd2 b5 9. Be2 Qb6 10. O-O cxd4 11. Nxd4 Bc5 12. Rad1 Nxd4 13. Bxd4 b4 14.
Na4 Bxd4+ 15. Qxd4 Qxd4+ 16. Rxd4 a5 17. Rc1 Ba6 18.
Bxa6 Rxa6 19. c4 bxc3 20. Rxc3 O-O 21. Rc7 Nb8 22. Rd3 Rc6 23. Rb7 Na6 24. Rc3 Rfc8 25.
Rb5 d4 26. Rd3 g5 27. Rxd4 Rc2 28. fxg5 Re2 29. Nc3 Rc2 30. a3 Kg7 31. h4 Kg6 32. Kh2 Rc5 33. Rb8 Nxb8 34. Kh3 Rxb2 35. Ne4 Rcc2 36.
Rd8 Rxg2 37. Rg8+ Kf5 38. Nd6+ Kxe5 39. Nxf7+ Kd4 40. Rd8+ Ke3 41. Rf8 Rgf2 42. h5 Rf3+ 43. Kh4 Rbf2 44. g6 hxg6 45. hxg6 Nd7 46. Re8 Nf6 47.
Rxe6+ Kd2 48. Kg5 Rg2+ 49. Kh6 Rh3+ 50. Kg7 Nh5+ 51. Kf8 Rhg3 52. Ne5 Nf4 53. Rd6+ Kc3 54. Kf7 Nxg6 55. Nxg6 Kb3 56. Ne5 Rf2+ 57. Ke6 Kxa3 58.
Rd4 a4 59. Kd5 Rg5 60. Re4 Rd2+ 61. Kc5 Rc2+ 62. Kd4 Rd2+ 63. Kc3 Rd8 64. Nc4+ Ka2 65. Re2+ Kb1 66. Na3+ Ka1 67. Nc2+ Ka2 68. Nb4+ Kb1 69. Re1+ Rd1 70. Rxd1# 1-0

[Event "*** SCC Grand Prix: Titled Tuesday Blitz"]
[Site "Chess.com"]
[Date "2020.08.25"]
[Round "4"]
[White "Angel_Hranitel_37"]
[Black "RobertoJBM"]
[Result "0-1"]
[WhiteElo "2451"]
[BlackElo "2634"]
[TimeControl "180+1"]
[EndTime "10:42:06 PDT"]
[Termination "RobertoJBM won by checkmate"]

1. d4 d5 2. c4 c6 3. cxd5 cxd5 4.
Bg5 Nc6 5. Nc3 h6 6. Bh4 Nf6 7. Bxf6 gxf6 8. e3 e6 9. Bd3 f5 10. g3 h5 11. h4 Be7 12. Nge2 Qb6 13. Qd2 Bd7 14. O-O O-O-O 15. Rac1 Kb8 16. Na4 Qa5 17.
Qxa5 Nxa5 18. Nc5 Bc8 19. b4 Nc4 20. Bxc4 dxc4 21. Rxc4 b6 22. Nd3 Ba6 23. Rc3 Bxd3 24. Rxd3 Bxb4 25. Rb1 Bd6 26. a4 Kc7 27. Nc3 Kd7 28. Nb5 Bb8 29. Na3 Rc8 30. Rdb3 Bd6 31. a5 bxa5 32. Rb7+ Rc7 33. Nc4 Rc8 34. Nxa5 Rxb7 35.
Rxb7+ Rc7 36. Rb5 f6 37. Kg2 e5 38. dxe5 fxe5 39. Nb3 a6 40. Ra5 Rc6 41. Nd2 Kc7 42.
e4 Bb4 43. Ra2 f4 44. Nf3 Bc3 45. gxf4 exf4 46. Ra4 a5 47. Kf1 Kb6 48. e5 Kb5 49. Rxf4 a4 50. Re4 a3 51. e6 a2 52. e7 a1=Q+ 53. Kg2 Rc8 54. e8=Q+ Rxe8 55. Rxe8 Qd1 56. Re4 Qd5 57. Re3 Bf6 58. Kg3 Qf5 59. Re2 Qg4+ 60. Kh2 Qxf3 61. Ra2 Be5+ 62. Kg1 Qg4+ 63. Kf1 Qxh4 64. Re2 Qh1# 0-1

[Event "*** SCC Grand Prix: Titled Tuesday Blitz"]
[Site "Chess.com"]
[Date "2020.08.25"]
[Round "4"]
[White "shnitez"]
[Black "GodDMuhammad"]
[Result "1-0"]
[WhiteElo "2454"]
[BlackElo "2285"]
[TimeControl "180+1"]
[EndTime "10:42:07 PDT"]
[Termination "shnitez won by checkmate"]

1. d4 f5 2. h3 Nf6 3. g4 fxg4 4.
hxg4 Nxg4 5. e4 Nf6 6. e5 Ng8 7. Bd3 d5 8. Rxh7 Rxh7 9. Bxh7 Nh6 10. Bxh6 gxh6 11. Qh5+ Kd7 12. e6+ Kc6 13. Nf3 Bxe6 14. c4 b6 15. Nc3 Kb7 16. cxd5 Bd7 17. O-O-O a6 18. Ne5 Ka7 19. Kb1 Qe8 20. Bg6 Qc8 21.
Rc1 Bg7 22. Ka1 Qb7 23. Be4 c6 24. Nxd7 Qxd7 25. dxc6 Nxc6 26. Nb5+ axb5 27. Qxb5 Rc8 28. Bxc6 Qxd4 29. Kb1 Rc7 30. f3 Kb8 31. a3 e6 32.
Rc4 Qd1+ 33. Ka2 Kc8 34. Qxb6 Kd8 35. Qb8+ Rc8 36. Qb6+ Ke7 37. Qc5+ Kf7 38. Qb4 Rxc6 39. Rxc6 Qd5+ 40. Qc4 Qxc4+ 41. Rxc4 h5 42. a4 Be5 43. a5 Bg3 44. a6 Bf2 45. Rh4 Bxh4 46. a7 Bg3 47.
a8=Q h4 48. Qh8 Kg6 49. Qg8+ Kf5 50. Qg4+ Kf6 51. b4 Ke7 52. Kb3 Kd6 53. Kc4 Bf2 54.
Kd3 Kc6 55. Ke2 Bg3 56. Qxe6+ Kb5 57. Qg4 Kb6 58. Kd3 Kb5 59. Ke2 Kb6 60. Kf1 Kb5 61.
Kg2 Ka4 62. Qe4 Kb5 63. f4 Ka4 64. f5 Kb5 65. f6 Bd6 66. f7 Bxb4 67. Qxb4+ Kxb4 68. f8=Q+ Kc4 69. Kh3 Kd4 70. Kxh4 Ke4 71. Kg3 Kd5 72. Qe7 Kd4 73. Kf4 Kd3 74. Qd6+ Kc3 75. Ke3 Kc4 76. Qc6+ Kb4 77. Kd3 Kb3 78. Qb5+ Ka3 79. Kc2 Ka2 80. Qa5# 1-0

[Event "*** SCC Grand Prix: Titled Tuesday Blitz"]
[Site "Chess.com"]
[Date "2020.08.25"]
[Round "4"]
[White "Kira170"]
[Black "Beca95"]
[Result "1/2-1/2"]
[WhiteElo "2647"]
[BlackElo "2863"]
[TimeControl "180+1"]
[EndTime "10:42:09 PDT"]
[Termination "Game drawn - insufficient material"]

1. d4 Nf6 2. c4 c5 3. d5 g6 4.
Nc3 Bg7 5. Nf3 O-O 6. e4 d6 7.
Be2 e6 8. O-O exd5 9. exd5 Re8 10. h3 Bf5 11. Be3 Ne4 12. Nxe4 Bxe4 13. Qd2 Nd7 14.
Rac1 a6 15. b4 Bxf3 16. Bxf3 cxb4 17. Qxb4 Rxe3 18. fxe3 Nc5 19. Rb1 Qg5 20. Rfe1 Be5 21. Qd2 Qg3 22. Kf1 Re8 23. Rb3 h5 24. Reb1 Re7 25. Qf2 Qg5 26. Qc2 Qh4 27. Kg1 f5 28. Rb4 Kg7 29. R4b3 Rf7 30. Rb4 Kh7 31. Qf2 Bg3 32.
Qc2 Be5 33. Qf2 Qf6 34. R4b3 f4 35. Kf1 Nxb3 36. Rxb3 fxe3 37. Qxe3 Re7 38. Qd3 Bg3 39. Rb1 Qf4 40. Kg1 Kh6 41. Kh1 Re3 42. Qf1 Qe5 43. Rd1 b5 44. c5 dxc5 45. d6 Bh4 46. d7 Bd8 47. Bd5 Bc7 48. Qf8+ Kg5 49. d8=Q+ Bxd8 50. Qxd8+ Qe7 51. Qxe7+ Rxe7 52. Bf3 c4 53.
Kg1 Rc7 54. Kf2 b4 55. Ke3 Kh4 56. Rd4+ Kg3 57. Kd2 a5 58. Kc2 a4 59. Rd6 b3+ 60.
axb3 cxb3+ 61. Kb1 g5 62. Rd3 Kh2 63. Bxh5 Kxg2 64.
Be8 Rc4 65. Kb2 Rc2+ 66. Kb1 Rc4 67. Kb2 Kh2 68. Ka3 Rh4 69. Bxa4 Rxh3 70. Rxh3+ Kxh3 71. Bxb3 g4 72. Be6 Kh4 73. Bxg4 1/2-1/2

[Event "*** SCC Grand Prix: Titled Tuesday Blitz"]
[Site "Chess.com"]
[Date "2020.08.25"]
[Round "4"]
[White "tylityli"]
[Black "XiaoKangZhong"]
[Result "0-1"]
[WhiteElo "2193"]
[BlackElo "2415"]
[TimeControl "180+1"]
[EndTime "10:42:09 PDT"]
[Termination "XiaoKangZhong won on time"]

1. d4 Nf6 2. c4 g6 3. Nc3 d5 4. cxd5 Nxd5 5. Bd2 Bg7 6. e4 Nb6 7. Be3 O-O 8. Bb5 a6 9. Be2 Nc6 10. Nf3 Bg4 11. d5 Na5 12. Bd4 Bxf3 13. gxf3 e5 14. Bc5 Re8 15. b3 Nd7 16. Be3 c5 17. O-O b5 18.
Kh1 Nb7 19. a4 b4 20. Nb1 Nd6 21. Nd2 f5 22. Nc4 Qc7 23. Nxd6 Qxd6 24. a5 Bf8 25. Bc4 Kg7 26. Rg1 f4 27. Bd2 Qf6 28. Qe2 Ra7 29.
Qf1 Nb8 30. Qg2 Bd6 31. Qg4 Rf7 32. Kg2 h5 33. Qh3 Kh6 34. Kf1 Rd8 35. Ke2 Be7 36.
Qg2 Bd6 37. Qh3 g5 38. Qe6 Qxe6 39. dxe6 Ra7 40. Bd5 Rc8 41. Rac1 Rac7 42. h4 Be7 43. hxg5+ Bxg5 44. Rg2 Nc6 45. Bxc6 Rxc6 46. Rcg1 Rg8 47. e7 Rcg6 48. e8=Q Rxe8 49. Bc1 Rd8 50. Bb2 Re8 51. Kd3 Rd8+ 52. Ke2 Re8 53. Kd3 Rd6+ 54. Ke2 Bh4 55. Rh2 Bf6 56. Rhg2 Bh8 57. Rg8 Red8 58. Rxd8 Rxd8 59.
Rc1 Rc8 60. Kf1 Bf6 61. Kg2 Kg6 62. Kh3 Kf7 63. Rd1 c4 64. Rd7+ Ke6 65. Ra7 c3 66.
Bc1 Rd8 0-1

[Event "*** SCC Grand Prix: Titled Tuesday Blitz"]
[Site "Chess.com"]
[Date "2020.08.25"]
[Round "4"]
[White "kngopal"]
[Black "sergeikim"]
[Result "0-1"]
[WhiteElo "2273"]
[BlackElo "2501"]
[TimeControl "180+1"]
[EndTime "10:42:10 PDT"]
[Termination "sergeikim won on time"]

1. c4 e5 2. g3 Nc6 3. Bg2 g6 4.
Nc3 Bg7 5. Nf3 Nge7 6. O-O O-O 7. d3 d6 8. a3 h6 9. Rb1 Be6 10. b4 Qd7 11. b5 Nd8 12. Ne1 Bh3 13. Bd2 Bxg2 14.
Nxg2 Qh3 15. e3 Ne6 16. a4 f5 17. f4 g5 18. Rf2 Ng6 19. Nd5 c6 20. bxc6 bxc6 21. Nc3 exf4 22. gxf4 gxf4 23. Rf3 Qg4 24. Kh1 Ng5 25. Rf1 f3 26. Ne1 Nh4 27. e4 Be5 28.
Bxg5 hxg5 29. d4 Bg7 30. Rb2 fxe4 31. Qd2 Rae8 32. Rg1 Qf4 33. Qxf4 gxf4 34. Rf2 e3 35. Rxf3 Nxf3 36. Nxf3 Rf5 37. Ne2 Kf7 38. Rg4 Bh6 39. Rh4 Kg6 40. c5 dxc5 41. Ne5+ Rfxe5 42. dxe5 Rxe5 43. Kg2 Rf5 44. Kf3 Bg5 45. Rg4 Kh5 46. Rg1 c4 47. Rc1 Rc5 48. Nd4 c3 49. Ne6 Re5 50. Nd4 c5 51. Ne2 Bh6 52. Rxc3 Rd5 53. Rc4 Rd2 54. Rxc5+ Kg6 55. Rc6+ Kg7 56. Rc7+ Kg6 57. Rc6+ Kh5 58. Rc5+ Kh4 59. Rc6 Bg5 60. Rc8 Kh5 0-1

[Event "*** SCC Grand Prix: Titled Tuesday Blitz"]
[Site "Chess.com"]
[Date "2020.08.25"]
[Round "4"]
[White "j2806"]
[Black "Speshka"]
[Result "0-1"]
[WhiteElo "2035"]
[BlackElo "2231"]
[TimeControl "180+1"]
[EndTime "10:42:10 PDT"]
[Termination "Speshka won by resignation"]

1. e4 c5 2. Nf3 e6 3. d4 cxd4 4. Nxd4 Nc6 5. Nc3 Nf6 6. Be3 Bb4 7. Qd3 Qa5 8. Bd2 Ne5 9. Qe2 O-O 10. Nb3 Qc7 11.
O-O-O a5 12. Kb1 Be7 13. h3 b6 14. f4 Ba6 15. Qf2 Nc4 16. Bc1 Bb4 17. Qf3 Na3+ 18. bxa3 Bxc3 19. Bxa6 Rxa6 20. Bb2 Bxb2 21. Kxb2 Rc8 22.
Rc1 a4 23. Nd4 Qc4 24. Qd3 Ra5 25. Qxc4 Rxc4 26. e5 Rxd4 27. exf6 Rxf4 28. Rhd1 d5 29.
fxg7 Kxg7 30. c4 dxc4 31. Rc2 Rb5+ 32. Ka1 Rd5 33. Rdc1 Rdd4 34. Rc3 b5 35. Rg3+ Kf6 36.
Rgc3 Rd3 37. R3c2 Rxa3 38. Rb1 Rf5 39. Rcb2 Rg3 40. Rxb5 Rxb5 41. Rxb5 Rxg2 42. Rb1 c3 43. Rc1 c2 44. Kb2 Ke5 45. Rxc2 Rf2 46. Rxf2 f5 47. Rc2 f4 48. Ka3 f3 49. Kxa4 Kf4 50. Kb5 e5 51. a4 e4 52. a5 e3 53. a6 f2 54. Rc1 e2 55. a7 f1=Q 56. a8=Q Qxc1 57. Qf8+ Kg3 58.
Qg7+ Kf2 59. Qf6+ Ke1 60. Qh4+ Kd1 61. Qd4+ Qd2 62. Qg1+ e1=Q 63. Qg4+ Kc1 64. Qc4+ Qc2 65. Qxc2+ Kxc2 66. Kc5 Qe5+ 67. Kc6 Qg3 68. Kd7 Qxh3+ 69.
Ke7 0-1

[Event "*** SCC Grand Prix: Titled Tuesday Blitz"]
[Site "Chess.com"]
[Date "2020.08.25"]
[Round "4"]
[White "googlegoom"]
[Black "kidagent"]
[Result "1-0"]
[WhiteElo "2445"]
[BlackElo "2253"]
[TimeControl "180+1"]
[EndTime "10:42:11 PDT"]
[Termination "googlegoom won by resignation"]

1. Nf3 Nf6 2. b3 d5 3. Bb2 c5 4.
e3 Nc6 5. Be2 Bg4 6. O-O e6 7. d4 cxd4 8. Nxd4 Bxe2 9. Qxe2 Bd6 10.
Nd2 O-O 11. c4 Qe7 12. Rfd1 Rad8 13. h3 Nxd4 14. Bxd4 a6 15. Bxf6 Qxf6 16. cxd5 exd5 17. Nf3 Bb8 18. Rac1 Rfe8 19. Rc2 h6 20. Rcd2 Qe6 21. Qd3 Re7 22. Qd4 Red7 23. Qa4 b5 24. Qa5 Bc7 25. Qc3 Bb6 26. Nd4 Qf6 27. Qd3 Rc8 28.
a4 bxa4 29. Qxa6 Rb8 30. Qxa4 Ra7 31. Qb4 Bc7 32. Qc5 Bb6 33. Qc2 Rc7 34. Qb1 Bxd4 35.
Rxd4 Rcb7 36. R1d3 Rb5 37. Rxd5 Rxd5 38. Rxd5 Qe6 39.
Rd3 Rb6 40. b4 g6 41. b5 Qf5 42. Rb3 Qxb1+ 43. Rxb1 Kf8 44. Kf1 Ke7 45. Ke2 Kd6 46.
Kd3 Kc5 47. Ke4 Re6+ 48. Kf4 Rf6+ 49. Kg3 Rb6 50. e4 Kd4 51. f3 Ke5 52. Rb3 g5 53. Rb4 h5 54. h4 f6 55. Kh3 Kf4 56. Rb3 g4+ 57. Kh2 gxf3 58. gxf3 f5 59. exf5 Kxf5 60. Kg3 Ke5 61. f4+ Kf5 62. Kf3 Kf6 63. Ke4 Ke6 64.
f5+ Kf6 65. Kf4 Kf7 66. Kg5 Kg7 67. Kxh5 Kf6 68. Kg4 Ke5 69. Kg5 1-0

[Event "*** SCC Grand Prix: Titled Tuesday Blitz"]
[Site "Chess.com"]
[Date "2020.08.25"]
[Round "4"]
[White "UCantHandleDenker"]
[Black "AttackSparrow"]
[Result "0-1"]
[WhiteElo "2561"]
[BlackElo "2387"]
[TimeControl "180+1"]
[EndTime "10:42:15 PDT"]
[Termination "AttackSparrow won by resignation"]

1. Nf3 Nf6 2. g3 g6 3. Bg2 Bg7 4. O-O O-O 5. c4 d6 6. Nc3 c6 7. d3 Qa5 8. Qd2 Qh5 9. Qg5 Qxg5 10. Bxg5 Nbd7 11. Rab1 h6 12. Bd2 a5 13. a3 a4 14. Ne1 Nc5 15. Nc2 Nb3 16. Be3 Ng4 17. Rfd1 Nxe3 18. fxe3 Bg4 19. Bf3 Bd7 20. d4 Rfc8 21.
Nb4 Bf5 22. e4 Bd7 23. e3 h5 24. Kf2 Be6 25. d5 Bd7 26. Ke2 Nc5 27. Nc2 Be5 28. Nd4 Kg7 29. Rf1 Rab8 30. Rfd1 Rh8 31. Rh1 h4 32. g4 h3 33. Rbg1 Rhc8 34. g5 Bxd4 35. exd4 Nb3 36. Kd3 b5 37. cxb5 cxb5 38.
Bg4 Bxg4 39. Rxg4 b4 40. axb4 Rxb4 41. Rf1 Rxd4+ 42. Ke3 Rdc4 43. Rgf4 Rf8 44. Kd3 Rb4 45. R4f3 Nc5+ 46. Kc2 f6 47. gxf6+ exf6 48. Rxh3 Rfb8 49. Nd1 Rc4+ 50. Kb1 Rxe4 51. Rg1 g5 52. Rf3 Re2 53. Rgf1 Ne4 54. h3 Nd2+ 55. Kc1 Nxf1 56. Rxf1 a3 57. bxa3 Ra2 58. Rf3 Ra1+ 59. Kd2 Ra2+ 60. Ke1 Ra8 61. Re3 R8xa3 62. Re7+ Kg6 63. Re6 Ra1 64. Ke2 R3a2+ 65.
Ke1 Rc2 66. Re3 Rcc1 67. Rd3 Ra2 68. Re3 Rc4 69. Kf1 Ra1 70. Ke1 Rd4 71. Ke2 Raxd1 0-1

[Event "*** SCC Grand Prix: Titled Tuesday Blitz"]
[Site "Chess.com"]
[Date "2020.08.25"]
[Round "4"]
[White "Parhamov"]
[Black "dretch"]
[Result "1/2-1/2"]
[WhiteElo "3012"]
[BlackElo "2768"]
[TimeControl "180+1"]
[EndTime "10:42:16 PDT"]
[Termination "Game drawn by repetition"]

1. e4 e6 2. d4 d5 3. Nc3 Nf6 4. e5 Nfd7 5. f4 c5 6. Nf3 Nc6 7. Be3 cxd4 8. Nxd4 Bc5 9. Qd2 O-O 10. O-O-O a6 11.
h4 Nxd4 12. Bxd4 b5 13. h5 b4 14. Ne2 a5 15. h6 g6 16. Rh3 Ba6 17. g4 Qc7 18.
Kb1 Rfc8 19. Rc1 a4 20. f5 a3 21. fxe6 fxe6 22. b3 Nxe5 23. Bxc5 Qxc5 24. Nd4 Bxf1 25.
Rxf1 Rf8 26. Re1 Nxg4 27. Nxe6 Qf2 28. Qxb4 Rfc8 29. Rc1 Nf6 30. Qd4 Qxd4 31. Nxd4 Ne4 32. c3 Ra6 33. Kc2 g5 34. b4 g4 35. Re3 g3 36. Rg1 Rxh6 37. Nf5 Rh2+ 38. Kb3 Nd2+ 39. Ka4 Ra8+ 40. Kb5 Ne4 41. Nxg3 Nxg3 42. Rexg3+ Kf7 43. R3g2 Rh3 44. Rg3 Rh2 45. R1g2 Rh4 46. Kc5 Kf6 47. Rf3+ Ke5 48. Re3+ Re4 49. Rh3 Rc8+ 50. Kb6 Kf4 51.
Rh4+ Kf5 52. Rh5+ Kf4 53. Rxd5 Rxc3 54. b5 Rb4 55. Ka5 Rb2 56. Rg7 Rxa2 57. Rxh7 Rb2 58. Rd1 a2 59. Ra1 Ra3+ 60. Kb6 Rb1 61. Rh1 Rxh1 62.
Rxh1 a1=Q 63. Rxa1 Rxa1 64. Kc7 Ke5 65. b6 Rc1+ 66.
Kd7 Rb1 67. Kc7 Ke6 68. b7 Rc1+ 69. Kd8 Rb1 70. Kc7 Rc1+ 71. Kd8 Rb1 72. Kc7 1/2-1/2

[Event "*** SCC Grand Prix: Titled Tuesday Blitz"]
[Site "Chess.com"]
[Date "2020.08.25"]
[Round "4"]
[White "MF1966Idrisov"]
[Black "Grootneus"]
[Result "0-1"]
[WhiteElo "2351"]
[BlackElo "2183"]
[TimeControl "180+1"]
[EndTime "10:42:17 PDT"]
[Termination "Grootneus won by resignation"]

1. Nf3 c5 2. b3 Nc6 3. Bb2 d5 4. e3 Bg4 5. d4 cxd4 6. exd4 g6 7. Be2 Bg7 8. O-O Nf6 9. Ne5 Bxe2 10. Qxe2 O-O 11.
Nd2 Rc8 12. Rac1 Nd7 13. Ndf3 Ndxe5 14. dxe5 e6 15. c4 dxc4 16. Rxc4 Qb6 17. Rfc1 Rfd8 18. h4 Qa5 19. a3 Rd5 20. b4 Qa4 21. Rc5 Rcd8 22. Rxd5 Rxd5 23. g3 Qb5 24. Qxb5 Rxb5 25. Kg2 Rd5 26. Re1 h5 27. Re3 Kf8 28. Rb3 Nxe5 29.
Bxe5 Bxe5 30. Ng5 Ke7 31. Rf3 f6 32. Ne4 Rd4 33. Nc5 b6 34. Nd3 Bd6 35. Kf1 a5 36.
bxa5 bxa5 37. Nb2 e5 38. Ke2 f5 39. Rb3 Re4+ 40. Kf3 Rd4 41. Ke2 e4 42. Nd1 Ra4 43.
Nb2 Rxa3 44. Rb7+ Ke6 45. Rb6 Ra2 46. Ke3 Kd5 47. Rb5+ Bc5+ 48. Kf4 a4 49. Nd1 Rd2 50. Ne3+ Kc6 51. Ra5 Rxf2+ 52. Ke5 Bxe3 53. Rxa4 Rf3 54. Ra6+ Kb5 55. Rxg6 Bf2 56. Re6 Bxg3+ 57. Kd4 e3 58. Kd3 f4 59. Re8 Bxh4 60. Re5+ Kc6 61. Rxh5 Bg3 62. Rh6+ Kd7 63. Rh7+ Ke6 64. Rh6+ Kf5 65. Rh8 Rf2 66. Rf8+ Kg4 67. Ke4 e2 68. Rg8+ Kh3 69.
Kf5 e1=Q 0-1

[Event "*** SCC Grand Prix: Titled Tuesday Blitz"]
[Site "Chess.com"]
[Date "2020.08.25"]
[Round "4"]
[White "zmarian"]
[Black "Chessbard1972"]
[Result "0-1"]
[WhiteElo "2175"]
[BlackElo "2405"]
[TimeControl "180+1"]
[EndTime "10:42:19 PDT"]
[Termination "Chessbard1972 won on time"]

1. g3 Nf6 2. Bg2 d5 3. Nf3 g6 4. O-O Bg7 5. c4 c6 6. Qc2 O-O 7. d3 a5 8. Nbd2 Na6 9. a3 Bg4 10. Rb1 Re8 11. b4 axb4 12. axb4 e5 13. e4 Nc7 14.
Bb2 d4 15. Ra1 b5 16. Rxa8 Qxa8 17. cxb5 Nxb5 18. Ra1 Qb7 19. Nc4 Nd7 20. Na5 Qb8 21.
Qxc6 Rc8 22. Qb7 Qxb7 23. Nxb7 Rc2 24. Rb1 Bf8 25. Ne1 Rd2 26. f3 Be6 27. Bc1 Rd1 28. Kf2 Nc3 29. Ra1 Bxb4 30. Nc2 Be7 31. Bh6 f6 32. h4 Rxa1 33. Nxa1 Nc5 34. Nxc5 Bxc5 35.
Bc1 f5 36. Bh3 Kf7 37. Nb3 fxe4 38. Bxe6+ Kxe6 39. fxe4 Bb6 40. Bh6 Nd1+ 41. Ke2 Nc3+ 42. Kf2 Kf6 43. Nd2 Nd1+ 44. Ke2 Nc3+ 45. Kf3 Bc7 46. Nc4 Ke6 47. Bg7 Na4 48. Bh6 Nc5 49.
Ke2 Na4 50. Bd2 Nc5 51. Be1 Nb3 52. Bb4 Bd8 53. Be1 Be7 54. Bd2 Nc5 55. Nb6 Nb3 56. Nd5 Bd8 57. Bb4 Na1 58. Bd2 h5 59. Nb4 Nb3 60. Nc2 Be7 61. Ne1 Nc5 62. Nf3 Nb3 63.
Bg5 Na1 64. Bxe7 Kxe7 65. Nxe5 Ke6 66. Nxg6 Kf6 67. Nf4 Nc2 68. Nxh5+ Kg6 69. Nf4+ Kf6 70. Nd5+ Ke5 71. Nf4 Na3 72. h5 Nb5 73. h6 Nc3+ 0-1